 Dungeon Crawl Stone Soup version 0.24.0-123-gd5b16e6ec5 (webtiles) character file.

Game seed: 18435911782060398667, levelgen mode: deterministic

7658 FishyPogo the Fighter (level 10, 0/136 HPs)
             Began as a Demonspawn Chaos Knight on Feb 4, 2020.
             Was a Plaything of Xom.
             Slain by a six-headed hydra (10 damage)
             ... on level 1 of the Lair of Beasts.
             The game lasted 00:44:34 (12147 turns).

FishyPogo the Fighter (Demonspawn Chaos Knight)    Turns: 12147, Time: 00:44:34

Health: 0/136      AC: 25    Str: 17    XL:     10   Next: 99%
Magic:  11/11      EV:  2    Int: 17    God:    Xom [..*...]
Gold:   70         SH:  6    Dex: 17    Spells: 6/9 levels left

rFire    . . .     SeeInvis +   (no weapon)
rCold    . . .     Gourm    .   I - +1 buckler
rNeg     + + +     Faith    .   (armour currently unavailable)
rPois    +         Spirit   .   (helmet currently unavailable)
rElec    .         Reflect  .   (cloak currently unavailable)
rCorr    .         Harm     .   (gloves currently unavailable)
MR       ++...     Clarity  +   (boots currently unavailable) Stlth +++.......NoTele +
                                (no amulet)
HPRegen  0.32/turn              C - ring of positive energy
MPRegen  0.12/turn              H - +2 ring of intelligence

@: agile, tree-form, studying Crossbows
A: rugged brown scales 2, see invisible, clarity, clever 1, high mp 1, magic
resistance 2, wild magic 1, evolution 1, rot immunity
a: Renounce Religion


You were on level 1 of the Lair of Beasts.
You worshipped Xom.
You were a toy of Xom.
You were not hungry.
You were a tree.
You visited 2 branches of the dungeon, and saw 12 of its levels.
You also visited: Sewer.

You collected 552 gold pieces.
You spent 482 gold pieces at shops.

Inventory:

Hand Weapons
 b - the +2 hunting sling "Newt's Funeral" {speed, -Tele rN+ MP+9 Dex+4 Stlth+}
   (You found it on level 4 of the Dungeon)

   Attacks with this weapon are significantly faster.
   It affects your dexterity (+4).
   It protects you from negative energy.
   It affects your magic capacity (+9).
   It prevents most forms of teleportation.
   It makes you more stealthy.
 i - the +6 morningstar of Pimiyrphimm {pain, +Fly Int+4}
   (You found it on level 10 of the Dungeon)

   In the hands of one skilled in necromantic magic, it inflicts extra damage on
   living creatures.
   It affects your intelligence (+4).
   It lets you fly.
 O - the +2 flail of Ykischu {elec, rF++ Int-5 Dex+2}
   (You bought it in a shop on level 6 of the Dungeon)

   Occasionally, upon striking a foe, it will discharge some electrical energy
   and cause terrible harm.
   It affects your intelligence (-5).
   It affects your dexterity (+2).
   It greatly protects you from fire.
 S - the +9 short sword "Kaomekly" {antimagic, +Fly}
   (You took it off an orc on level 8 of the Dungeon)

   It reduces the magical energy of the wielder, and disrupts the spells and
   magical abilities of those hit.
   Natural abilities and divine invocations are not affected.
   It lets you fly.
 T - the +5 short sword "Zusir" {flame, MR+}
   (You found it on level 9 of the Dungeon)

   It has been specially enchanted to burn those struck by it, causing extra
   injury to most foes and up to half again as much damage against particularly
   susceptible opponents.
   It affects your resistance to hostile enchantments.
Missiles
 d - 221 stones
 f - 2 throwing nets
 m - 54 poisoned darts (quivered)
 r - 8 curare-tipped darts
 w - 13 sling bullets
Armour
 k - a +0 cloak (melded)
 v - the +4 scale mail "Ituaku" (melded) {rC+ rCorr}
   (You bought it in a shop on level 10 of the Dungeon)

   It protects you from cold.
   It provides partial protection from all sources of acid and corrosion.
 y - a +2 pair of gloves (melded)
 B - a +0 pair of boots (melded)
 I - a +1 buckler (worn)
Jewellery
 l - an uncursed ring of protection from fire
 C - a ring of positive energy (left branch)
 H - a +2 ring of intelligence (right branch)
Wands
 g - a wand of clouds (7)
 p - a wand of flame (40)
 z - a wand of acid (8)
 K - a wand of random effects (32)
Scrolls
 h - 11 scrolls of identify
 n - 2 scrolls of remove curse
 t - 2 scrolls of fog
 x - 3 scrolls of amnesia
 P - 2 scrolls of random uselessness
Potions
 a - a potion of degeneration {unknown}
 e - 3 potions of flight {unknown}
 o - a potion of cancellation {unknown}
 D - a potion of magic
 E - 2 potions of curing
 G - a potion of might {unknown}
 M - a potion of ambrosia {unknown}
 R - a potion of agility
 V - a potion of brilliance
Books
 L - a manual of Crossbows
Comestibles
 c - 26 rations


   Skills:
 * Level 11.0 Fighting
 * Level 5.8 Short Blades
 - Level 5.0 Maces & Flails
 - Level 3.0 Slings
 + Level 7.6 Armour
 - Level 3.0 Dodging
 - Level 4.0 Shields


You had 6 spell levels left.
You knew the following spells:

 Your Spells              Type           Power        Failure   Level  Hunger
a - Throw Frost           Conj/Ice       #.....       43%         2    ###....
y - Beastly Appendage     Tmut           #.....       32%         1    ##.....

Your spell library contained the following spells:

 Spells                   Type           Power        Failure   Level  Hunger
 Confusing Touch          Hex            #.....       32%         1    ##.....
 Corona                   Hex            #......      32%         1    ##.....
 Freeze                   Ice            #...         32%         1    ##.....
 Summon Small Mammal      Summ           #...         32%         1    ##.....
 Call Imp                 Summ           #.......     43%         2    ###....
 Ensorcelled Hibernation  Hex/Ice        #.....       43%         2    ###....
 Sticks to Snakes         Tmut           #.......     43%         2    ###....
 Call Canine Familiar     Summ           #.......     65%         3    ####...
 Confuse                  Hex            #.......     65%         3    ####...
 Dazzling Spray           Conj/Hex       #.....       65%         3    ####...
 Gell's Gravitas          Tloc           #.........   65%         3    ####...
 Ozocubu's Armour         Chrm/Ice       #.......     65%         3    ####...
 Spider Form              Tmut/Pois      #.........   65%         3    ####...
 Summon Guardian Golem    Hex/Summ       #.......     65%         3    ####...
 Tukima's Dance           Hex            #.......     65%         3    ####...
 Ice Form                 Ice/Tmut       #.......     96%         4    #####..
 Petrify                  Tmut/Erth      #.......     96%         4    #####..
 Summon Ice Beast         Ice/Summ       #.......     96%         4    #####..
 Summon Lightning Spire   Summ/Air       #.......     96%         4    #####..
 Throw Icicle             Conj/Ice       #.......     96%         4    #####..
 Blade Hands              Tmut           #.........   100%        5    ######.
 Metabolic Englaciation   Hex/Ice        #.........   100%        5    ######.
 Yara's Violent Unravell  Hex/Tmut       #.........   100%        5    ######.


Dungeon Overview and Level Annotations

Branches:
Dungeon (11/15)            Temple (0/1) D:4            Lair (1/6) D:9
    Orc (0/2) D:9           Sewer (visited)

Altars:
Dithmenos
Elyvilon
Fedhas
Nemelex Xobeh
Sif Muna
Xom
Zin

Shops:
D:6 *   D:10 [

Portals:
Ice
Cave: Lair:1


Innate Abilities, Weirdness & Mutations

((You have sharp fingernails.))
(You are mostly covered in rugged brown scales. (AC +2, +5% HP))
((Your flesh is very cold resistant. (rC++)))
You are immune to rotting.
((You have razor-sharp toenails.))
You have supernaturally acute eyesight. (SInv)
You possess an exceptional clarity of mind.
Your mind is acute. (Int +2)
((Your flesh is very heat resistant. (rF++)))
You have an increased reservoir of magic. (+10% MP)
You are highly resistant to hostile enchantments. (MR++)
((Your system is resistant to poisons. (rPois)))
Your spells are a little harder to cast, but a little more powerful.
You evolve.


Message History

The six-headed hydra bites you but does no damage. x2
The six-headed hydra completely misses you.
The six-headed hydra bites you.
* * * LOW HITPOINT WARNING * * *
Unknown command.
You feel magic returning to you.
You are now empty-handed.
Unknown command.
You hit the six-headed hydra.
The six-headed hydra is moderately wounded.
The six-headed hydra bites you.
* * * LOW HITPOINT WARNING * * *
The six-headed hydra bites you but does no damage.
The six-headed hydra completely misses you.
The six-headed hydra bites you but does no damage. x2
You block the six-headed hydra's attack.
It was a potion of magic.
Magic courses through your body.
The six-headed hydra bites you but does no damage.
The six-headed hydra bites you!
You die...
Xom bursts into laughter!

*,,,,,,,D,,,,,,,,,,,,,,,,,*
*,,,,,,,,,P,......,..,,,,,*
*,,,,,,,,,,,..≈≈≈≈.....?..#
*,,,,,**,*,,#.≈P*≈........#
*,,,,,,****##.≈##≈........##
*,,,,*.,*,*#..≈#P≈.........*
**,,,*,#..,*##.≈≈≈≈........**
*,,,*,∩.#..##D†...........,*
**,,,*,#.....♣......#*,#.#**##
*,,,,#.............####.####.
*,,,,......................P.
**,,,,................########
*,,,,,..............### #
**,,,,..............#
*,,,,..............#
*,,,,........$.....#
*,,,,,.............#


You could see a six-headed hydra.

Vanquished Creatures
  2 two-headed ogres
  A spiny frog (Lair:1)
  2 hippogriffs
  A meliai zombie (D:11)
  Grum (D:10)
  An acid dragon (D:11)
  2 water moccasins
  3 orc warriors
  Purgy (Sewer)
  A black bear (D:9)
  2 ice beasts (D:11)
  3 sky beasts
  4 wolves (D:9)
  4 ogres
  A phantom (D:9)
  5 centaurs
  A big kobold (D:7)
  A crocodile (D:10)
  4 bullfrogs
  4 gnoll sergeants
  A water moccasin zombie (D:8)
  A water moccasin skeleton (D:11)
  3 scorpions
  A howler monkey (D:8)
  3 crimson imps
  3 bullfrog zombies
  2 hounds
  Crazy Yiuf (D:7)
  A centaur zombie (D:9)
  2 jellies (D:8)
  4 centaur skeletons
  An orc priest (D:8)
  8 orc wizards
  Ijyb (D:3)
  6 iguanas
  8 worker ants
  A hound zombie (D:5)
  A hound skeleton (D:8)
  A howler monkey zombie (D:5)
  Robin (D:3)
  A howler monkey skeleton (D:6)
  11 adders
  22 gnolls
  An adder zombie (D:5)
  2 adder skeletons
  3 worms
  2 dart slugs
  4 leopard geckos
  19 orcs
  4 ball pythons
  3 bats (D:1)
  8 giant cockroaches
  8 hobgoblins
  14 jackals
  3 quokkas
  8 frilled lizards
  12 goblins
  A jackal zombie (D:5)
  6 kobolds
  A leopard gecko zombie (D:5)
  8 rats
  A plant (D:9)
236 creatures vanquished.

Vanquished Creatures (collateral kills)
  A spriggan (D:7)
  Edmund (D:5)
  A sky beast (D:5)
  A necrophage (D:6)
  2 ogres (D:5)
  A centaur (D:5)
  A bullfrog (D:6)
  A jelly (D:5)
  A worker ant (D:6)
  A gnoll (D:3)
  A leopard gecko (D:5)
  A bat (D:3)
13 creatures vanquished.

Grand Total: 249 creatures vanquished

Notes
Turn   | Place    | Note
-------+----------+-------------------------------------------
     0 | D:1      | FishyPogo the Demonspawn Chaos Knight began the quest for
                  | the Orb.
     0 | D:1      | Reached XP level 1. HP: 18/18 MP: 1/1
    10 | D:1      | XOM: harmless Summ miscast
    41 | D:1      | Reached skill level 1 in Dodging
    49 | D:1      | Gained mutation: You have sharp fingernails. [demonic
                  | ancestry]
    49 | D:1      | Reached XP level 2. HP: 21/24 MP: 2/2
   122 | D:1      | XOM: harmless Tmut miscast
   199 | D:1      | Found a sparkling altar of Nemelex Xobeh.
   336 | D:1      | XOM: harmless Conj miscast
   622 | D:1      | Reached XP level 3. HP: 17/29 MP: 3/3
   697 | D:1      | XOM: silly message
  1690 | D:3      | Noticed Robin
  1691 | D:3      | XOM: divination: magic mapping
  1849 | D:3      | Gained mutation: You are immune to rotting. [demonic
                  | ancestry]
  1849 | D:3      | Reached XP level 4. HP: 22/35 MP: 4/4
  2041 | D:3      | XOM: silly message
  2161 | D:3      | XOM: summons 4 friendly demons
  2215 | D:3      | XOM: harmless Fire miscast
  2319 | D:3      | Killed Robin
  2370 | D:3      | XOM: mild Tmut miscast
  2421 | D:3      | Noticed Ijyb
  2454 | D:3      | Killed Ijyb
  2454 | D:3      | Gained mutation: You are partially covered in rugged brown
                  | scales. (AC +1, +3% HP) [demonic ancestry]
  2454 | D:3      | Reached XP level 5. HP: 20/43 MP: 5/5
  2669 | D:4      | XOM: scenery: 1 doors close
  3016 | D:4      | Found a staircase to the Ecumenical Temple.
  3031 | D:4      | Found a shadowy altar of Dithmenos.
  3041 | D:4      | Got a fine hunting sling
  3042 | D:4      | Identified the cursed +2 hunting sling "Newt's Funeral"
                  | {speed, -Tele rN+ MP+9 Dex+4 Stlth+} (You found it on level
                  | 4 of the Dungeon)
  3265 | D:5      | Entered Level 5 of the Dungeon
  3265 | D:5      | Noticed a centaur
  3305 | D:4      | Reached skill level 4 in Fighting
  3305 | D:4      | Reached skill level 1 in Maces & Flails
  3467 | D:4      | XOM: silly message
  3652 | D:4      | Gained mutation: You are mostly covered in rugged brown
                  | scales. (AC +2, +5% HP) [demonic ancestry]
  3652 | D:4      | Reached XP level 6. HP: 30/50 MP: 6/6
  3756 | D:5      | XOM: smoke on damage
  3775 | D:5      | Reached skill level 1 in Slings
  3792 | D:5      | XOM: 2-stop teleportation journey
  3941 | D:5      | XOM: medium Chrm miscast
  4160 | D:5      | Noticed Edmund
  4163 | D:5      | Noticed a sky beast
  4169 | D:5      | XOM: cast spell 'Summon Ice Beast'
  4176 | D:5      | Killed a sky beast
  4178 | D:5      | Killed Edmund
  4178 | D:5      | Reached skill level 5 in Fighting
  4178 | D:5      | Reached XP level 7. HP: 39/58 MP: 7/7
  4302 | D:5      | XOM: summons friendly ufetubus
  4342 | D:5      | XOM: divination: detect items
  4550 | D:5      | XOM: fake destruction
  4552 | D:5      | XOM: cast spell 'Disjunction'
  4555 | D:5      | XOM: divination: detect items
  4753 | D:5      | XOM: god gift: pair of boots {god gift}
  4768 | D:6      | Found Wesopiwe's Assorted Antiques.
  4835 | D:6      | XOM: summons 5 friendly demons
  4906 | D:6      | XOM: divination: detect items
  4979 | D:6      | XOM: potion effect (agility)
  5015 | D:6      | XOM: harmless Air miscast
  5052 | D:6      | Reached skill level 6 in Fighting
  5054 | D:6      | Found a glowing drain.
  5064 | Sewer    | Entered a sewer
  5073 | Sewer    | Gained mutation: Your flesh is cold resistant. (rC+)
                  | [demonic ancestry]
  5073 | Sewer    | Reached XP level 8. HP: 56/67 MP: 8/8
  5128 | Sewer    | Noticed Purgy
  5150 | Sewer    | XOM: smoke on damage
  5151 | Sewer    | Killed Purgy
  5173 | Sewer    | XOM: give mutations
  5173 | Sewer    | Gained mutation: You have supernaturally acute eyesight.
                  | (SInv) [Xom's grace]
  5173 | Sewer    | Gained mutation: Your flesh is heat resistant. (rF+) [Xom's
                  | grace]
  5173 | Sewer    | Gained mutation: You have sharp toenails. [Xom's grace]
  5173 | Sewer    | Gained mutation: You possess an exceptional clarity of
                  | mind. [Xom's grace]
  5753 | D:6      | XOM: summons 4 friendly demons
  5830 | D:6      | Reached skill level 5 in Armour
  6054 | D:6      | XOM: cast spell 'Summon Hydra'
  6059 | D:6      | Reached skill level 7 in Fighting
  6445 | D:7      | Learned a level 2 spell: Throw Frost
  6480 | D:7      | XOM: god gift: wand of random effects (23)
  6495 | D:7      | Reached skill level 1 in Shields
  6765 | D:7      | XOM: polymorph worker ant -> hound
  6889 | D:7      | XOM: summons 4 hostile demons
  6908 | D:7      | XOM: cast spell 'Statue Form'
  6912 | D:7      | XOM: divination: detect items
  6922 | D:7      | XOM: give mutations
  6922 | D:7      | Gained mutation: You are resistant to hostile enchantments.
                  | (MR+) [Xom's grace]
  6922 | D:7      | Gained mutation: You have an increased reservoir of magic.
                  | (+10% MP) [Xom's grace]
  6922 | D:7      | Gained mutation: Your spells are a little harder to cast,
                  | but a little more powerful. [Xom's grace]
  6922 | D:7      | Gained mutation: Your system is resistant to poisons.
                  | (rPois) [Xom's grace]
  7026 | D:6      | Bought a faintly glowing flail for 212 gold pieces
  7026 | D:6      | Identified the +2 flail of Ykischu {elec, rF++ Int-5 Dex+2}
                  | (You bought it in a shop on level 6 of the Dungeon)
  7091 | D:7      | Found a runed translucent door.
  7092 | D:7      | Noticed Crazy Yiuf
  7293 | D:7      | Reached XP level 9. HP: 68/75 MP: 9/9
  7619 | D:7      | Killed Crazy Yiuf
  7716 | D:8      | XOM: cleaving
  7725 | D:8      | XOM: 1-stop teleportation journey
  7728 | D:8      | Reached skill level 8 in Fighting
  7815 | D:8      | XOM: scenery: create altars
  7826 | D:8      | XOM: divination: detect creatures
  7828 | D:8      | XOM: smoke on damage
  8128 | D:7      | XOM: divination: magic mapping
  8180 | D:7      | XOM: silly message
  8192 | D:7      | XOM: god gift: ration
  8291 | D:7      | XOM: divination: magic mapping
  8295 | D:7      | XOM: summons 4 hostile demons
  8722 | D:8      | XOM: potion effect (heal wounds)
  8762 | D:8      | Identified the +9 short sword "Kaomekly" {antimagic, +Fly}
  8762 | D:8      | XOM: noise
  8780 | D:8      | XOM: potion effect (berserk rage)
  8889 | D:8      | Found a white marble altar of Elyvilon.
  8934 | D:8      | XOM: polymorph black bear -> sky beast
  9005 | D:8      | Reached skill level 5 in Maces & Flails
  9073 | D:9      | Noticed a two-headed ogre
  9096 | D:9      | Killed a two-headed ogre
  9096 | D:9      | Reached skill level 9 in Fighting
  9096 | D:9      | Reached XP level 10. HP: 14/87 MP: 3/11
  9280 | D:9      | XOM: god gift: ration
  9304 | D:9      | Got a bloodstained short sword
  9305 | D:9      | Identified the +5 short sword "Zusir" {flame, MR+} (You
                  | found it on level 9 of the Dungeon)
  9352 | D:9      | Found a staircase to the Lair.
  9392 | D:9      | Found a staircase to the Orcish Mines.
  9417 | D:9      | XOM: give mutations
  9417 | D:9      | Gained mutation: You evolve. [Xom's grace]
  9417 | D:9      | Gained mutation: Your mind is acute. (Int +2) [Xom's grace]
  9417 | D:9      | Gained mutation: You have razor-sharp toenails. [Xom's
                  | grace]
  9501 | D:9      | Found a faded altar of an unknown god.
  9501 | D:9      | Found a glowing silver altar of Zin.
  9507 | D:9      | Found a blossoming altar of Fedhas.
  9509 | D:9      | Found a faded altar of an unknown god.
  9511 | D:9      | Found a shimmering blue altar of Sif Muna.
  9614 | D:9      | XOM: scenery: create altars
  9731 | D:9      | XOM: summons friendly quasit
  9789 | D:9      | XOM: divination: magic mapping
  9873 | D:9      | Learned a level 1 spell: Beastly Appendage
  9989 | D:9      | XOM: scenery: create altars
 10205 | D:10     | Entered Level 10 of the Dungeon
 10320 | D:10     | Noticed Grum
 10320 | D:10     | XOM: destruction
 10334 | D:10     | XOM: enchant monster (good)
 10366 | D:10     | HP: 3/88 [wolf[Grum] (6)]
 10372 | D:9      | HP: 1/88 [wolf[Grum] (4)]
 10588 | D:10     | Killed Grum
 10643 | D:10     | XOM: give mutations
 10643 | D:10     | Gained mutation: You are highly resistant to hostile
                  | enchantments. (MR++) [Xom's grace]
 10643 | D:10     | Gained mutation: Your flesh is very heat resistant. (rF++)
                  | [Xom's grace]
 10643 | D:10     | Gained mutation: Your flesh is very cold resistant. (rC++)
                  | [Xom's grace]
 10848 | D:10     | Noticed a two-headed ogre
 10850 | D:10     | XOM: scenery: 1 doors close
 10855 | D:10     | XOM: cast spell 'Leda's Liquefaction'
 10864 | D:10     | Killed a two-headed ogre
 10864 | D:10     | Reached skill level 10 in Fighting
 10880 | D:10     | XOM: scenery: 1 doors open
 11138 | D:10     | Got an ichor-stained morningstar
 11139 | D:10     | Identified the +6 morningstar of Pimiyrphimm {pain, +Fly
                  | Int+4} (You found it on level 10 of the Dungeon)
 11153 | D:10     | Found Huibluj's Antique Armour Boutique.
 11181 | D:10     | Bought a smelly scale mail for 270 gold pieces
 11191 | D:10     | Identified the +4 scale mail "Ituaku" {rC+ rCorr} (You
                  | bought it in a shop on level 10 of the Dungeon)
 11497 | D:11     | XOM: summons friendly crimson imp
 11511 | D:11     | Reached skill level 5 in Short Blades
 11514 | D:11     | XOM: summons friendly ufetubus
 11593 | D:11     | XOM: cast spell 'Olgreb's Toxic Radiance'
 11751 | D:11     | XOM: harmless Conj miscast
 11772 | D:11     | XOM: silly message
 11902 | D:11     | Noticed a five-headed hydra
 11996 | Lair:1   | Entered Level 1 of the Lair of Beasts
 12004 | Lair:1   | Noticed a spiny frog
 12020 | Lair:1   | Killed a spiny frog
 12020 | Lair:1   | Reached skill level 11 in Fighting
 12126 | Lair:1   | XOM: divination: detect creatures
 12131 | Lair:1   | Noticed a six-headed hydra
 12133 | Lair:1   | Found a frozen archway.
 12147 | Lair:1   | Slain by a six-headed hydra

Levels and vault maps discovered:
D:1:      minmay_arrival_cross, layout_basic, nemelex_diamond_rough_becter
D:2:      layout_basic, serial_glass, glass_columns_c, glass_columns_b,
          first_ration, hangedman_feature_mirror
D:3:      layout_loops_cross, serial_park_tiny_1, grunt_ministairs_8, uniq_ijyb,
          uniq_robin
D:4:      layout_basic, minmay_temple_entry_crystal_x,
          nicolae_dithmenos_shadow_blocks
D:5:      layout_cave_pods, chequers_serial_rivers_micro_d, uniq_edmund
D:6:      layout_rooms, cheibrodos_sewer_entry_sluice, serial_shops, shop
D:7:      layout_gridville, the_bakery, minmay_manual_mares,
          uniq_crazy_yiuf_cottage
D:8:      layout_rooms, kennysheep_mini
D:9:      layout_basic, chequers_temple_overflow_minitemple, dpeg_oklobed_lair,
          orc_0_dummy
D:10:     layout_gridville, serial_shops,
          nicolae_shop_temple_entry_statues_fountains, uniq_grum
D:11:     layout_loops_cross, hangedman_decor_riveting
Lair:1:   layout_gridlike, portal_ice_cave_entry_pillars_2, uniq_gastronok

Skill      XL: |  1  2  3  4  5  6  7  8  9 10 |
---------------+-------------------------------+-----
Dodging        | 1 2 3 |  3.0
Armour         | 2 3 4 5 6 7 |  7.6
Short Blades   | 3 5 |  5.8
Fighting       | 4 5 6 7 9 11 | 11.0
Maces & Flails | 1 2 4 5 |  5.0
Slings         | 1 2 3 |  3.0
Shields        | 2 4 |  4.0

Action                   |  1- 3 |  4- 6 |  7- 9 | 10-12 || total
-------------------------+-------+-------+-------+-------++-------
Melee: Short sword       |   127 |    45 |    44 |   318 ||   534
       Club              |       |    96 |   292 |       ||   388
       Flail             |       |       |   140 |       ||   140
       Unarmed           |       |       |     3 |     1 ||     4
       Kick              |       |       |     1 |       ||     1
       Headbutt          |       |       |       |     1 ||     1
 Fire: Hunting sling     |       |    74 |   109 |       ||   183
Throw: Stone             |     2 |       |    11 |       ||    13
       Dart              |       |       |    41 |    11 ||    52
 Cast: Beastly Appendage |       |       |       |     2 ||     2
  Use: Scroll            |       |     2 |     2 |    12 ||    16
       Potion            |       |     3 |     1 |     6 ||    10
 Stab: Paralysed         |     1 |       |       |       ||     1
       Confused          |     1 |       |       |       ||     1
       Distracted        |       |       |     1 |       ||     1
  Eat: Chunk             |     3 |     6 |    18 |    10 ||    37
Armor: Leather armour    |    27 |    72 |   235 |    33 ||   367
       Skin              |       |       |     3 |    10 ||    13
       Scale mail        |       |       |       |    72 ||    72
Dodge: Dodged            |    71 |   106 |   370 |   158 ||   705
Block: Buckler           |       |       |    84 |    81 ||   165
